 Dungeon Crawl Stone Soup version 0.27-a0-1081-ge8a0a9c698 (webtiles) character file.

Game seed: 1241632467233945603

223 tardwrangler69 the Poker (level 6, -7/48 HPs)
             Began as a Merfolk Gladiator on Apr 26, 2021.
             Mangled by a gnoll
             ... wielding a +0 halberd
              (9 damage)
             ... on level 3 of the Dungeon.
             The game lasted 00:02:45 (3622 turns).

tardwrangler69 the Poker (Merfolk Gladiator)        Turns: 3622, Time: 00:02:45

Health: -7/48      AC:  4    Str: 16    XL:     6   Next: 0%
Magic:  6/6        EV: 14    Int:  8    God:
Gold:   148        SH:  0    Dex: 15    Spells: 5/5 levels left

rFire    . . .     SeeInvis .   a - +0 trident
rCold    . . .     Faith    .   (no shield)
rNeg     . . .     Spirit   .   b - +0 leather armour
rPois    .         Reflect  .   c - +0 helmet
rElec    .         Harm     .   (no cloak)
rCorr    +         Rampage  .   (no gloves)
Will     .....                  (no boots)
Stlth    +.........             (no amulet)
HPRegen  0.16/turn              k - ring of resist corrosion
MPRegen  0.10/turn              (no ring)

@: flying, hasted, very quick
A: (nimble swimmer 2), mertail
a: no special abilities


You were on level 3 of the Dungeon.
You visited 1 branch of the dungeon, and saw 3 of its levels.

You collected 148 gold pieces.

Inventory:

Hand Weapons
 a - a +0 trident (weapon)
Missiles
 d - 3 throwing nets (quivered)
Armour
 b - a +0 leather armour (worn)
 c - a +0 helmet (worn)
Jewellery
 k - a ring of resist corrosion (left hand)
Scrolls
 e - 2 scrolls of fog {unknown}
 f - 3 scrolls of teleportation {unknown}
 h - 2 scrolls of blinking {unknown}
 i - 3 scrolls of enchant weapon {unknown}
 l - a scroll of enchant armour {unknown}
 m - a scroll of acquirement {unknown}
 n - 2 scrolls of magic mapping {unknown}
Potions
 g - a potion of haste
 o - a potion of might {unknown}
 p - a potion of curing {unknown}
 q - 2 potions of brilliance {unknown}
 r - a potion of heal wounds {unknown}


   Skills:
 + Level 3.7 Fighting
 * Level 7.3 Polearms
 - Level 2.0 Throwing
 + Level 5.4 Dodging


You had 5 spell levels left.
You didn't know any spells.
Your spell library was empty.

Dungeon Overview and Level Annotations

Branches:
Dungeon (3/15)

Altars:


Innate Abilities, Weirdness & Mutations

((You are quick and stealthy near water. (Stealth+, EV+, Speed+++)))
Your lower body shifts to a powerful aquatic tail in water.


Message History

Increase (S)trength, (I)ntelligence, or (D)exterity?
You feel stronger.
You now have 148 gold pieces (gained 14).
You see here a +0 spear.
A centaur comes into view.
Things that are here:
a +0 whip; a gnoll corpse A centaur is nearby!
A centaur is nearby!
The centaur shouts!
You hear a shout!
The centaur wields a +0 shortbow.
The centaur shoots an arrow.
The arrow closely misses you.
A gnoll comes into view. It is wielding a +0 halberd.
The centaur shoots an arrow.
The arrow misses you.
A gnoll comes into view. It is wielding a +0 flail.
The centaur shoots an arrow.
The arrow hits you.
The centaur shoots an arrow.
The arrow hits you!
The gnoll shouts!
The centaur shoots an arrow.
The arrow barely misses you.
You reach to attack!
You puncture the gnoll!
The gnoll is severely wounded.
The centaur shoots an arrow.
The arrow misses you.
The centaur shoots an arrow.
The arrow misses you.
You reach to attack!
You barely miss the gnoll.
The gnoll is severely wounded.
The gnoll closely misses you.
The centaur shoots an arrow.
The arrow hits you!
You are too injured to fight recklessly!
The centaur shoots an arrow.
The arrow hits you!
The centaur shoots an arrow.
The arrow closely misses you. The gnoll hits you with a +0 flail!
* * * LOW HITPOINT WARNING * * *
The centaur shoots an arrow.
The arrow hits you.
* * * LOW HITPOINT WARNING * * *
Things that are here:
a +0 whip; a gnoll corpse It was a potion of haste.
You feel yourself speed up.
It was a potion of flight.
You feel very buoyant.
You fly up into the air.
The gnoll hits you from afar with a +0 halberd!
You die...

..# ###### ..# #....# ..#
#....# ..# #....# .##
..##....#
####.........####
......###....cg.##
##....# #....##..# ##
..## #....###@#######...
.# #....###....#....# #
#....##..)....#########
#..
#######.####..........###
.. # #. #########..>.. ..
.. .. #..... .# .# ###
#..... #.##..# #.....
##.....# #.....


You could see a centaur and a gnoll.

Vanquished Creatures
  A bullfrog (D:3)
  A centaur zombie (D:3)
  An orc priest (D:3)
  2 gnolls (D:3)
  3 adders
  8 orcs
  8 bats
  A giant cockroach (D:2)
  6 goblins
  A hobgoblin (D:2)
  4 kobolds
  2 quokkas
  5 ball pythons
  4 frilled lizards
  6 rats
53 creatures vanquished.

Notes
Turn   | Place    | Note
-------+----------+-------------------------------------------
     0 | D:1      | tardwrangler69 the Merfolk Gladiator began the quest for
                  | the Orb.
     0 | D:1      | Reached XP level 1. HP: 16/16 MP: 1/1
   333 | D:1      | Reached XP level 2. HP: 17/23 MP: 2/2
   623 | D:1      | Found a faded altar of an unknown god.
   677 | D:1      | Reached skill level 5 in Polearms
  1283 | D:2      | Reached XP level 3. HP: 27/28 MP: 3/3
  2173 | D:3      | Reached XP level 4. HP: 32/34 MP: 4/4
  2199 | D:3      | Noticed a bullfrog
  2211 | D:3      | Killed a bullfrog
  2212 | D:3      | Reached skill level 6 in Polearms
  2212 | D:3      | Reached skill level 5 in Dodging
  2212 | D:3      | Reached XP level 5. HP: 15/41 MP: 5/5
  2756 | D:3      | Reached skill level 7 in Polearms
  3106 | D:3      | Noticed an orc warrior
  3607 | D:3      | Reached XP level 6. HP: 48/48 MP: 6/6
  3619 | D:3      | HP: 2/48 [centaur/arrow (5)]
  3622 | D:3      | Mangled by a gnoll

Illustrated notes

Levels and vault maps discovered:
D:1:      nicolae_arrival_somewhat_less_tricky_arrival, layout_basic,
          chequers_ecumenical_altar_twisty
D:2:      layout_basic
D:3:      layout_rooms

Skill      XL: |  1  2  3  4  5 |
---------------+----------------+-----
Polearms       | 5 6 7 |  7.3
Fighting       | 3 |  3.7
Dodging        | 5 |  5.4
Throwing       | |  2.0

Action                   |  1- 3 |  4- 6 || total
-------------------------+-------+-------++-------
Melee: Trident           |   135 |    89 ||   224
  Use: Potion            |       |     2 ||     2
 Stab: Sleeping          |     6 |       ||     6
Armor: Leather armour    |    30 |    13 ||    43
Dodge: Dodged            |    76 |    68 ||   144

Table legend: (Time is in decaauts)
 A = Elapsed time spent in this place.
 B = Non-inter-level travel time spent in this place.
 C = Inter-level travel time spent in this place.
 D = Time resting spent in this place.
 E = Time spent auto-exploring this place.
 F = Levels seen in this place.
 G = Mean time per level.
                   A        B        C        D        E       F      G
               +--------+--------+--------+--------+--------+-----+--------+
         Total |   3626 |   3499 |    127 |      0 |   3009 |   3 | 1208.7 |
       Dungeon |   3626 |   3499 |    127 |      0 |   3009 |   3 | 1208.7 |
               +--------+--------+--------+--------+--------+-----+--------+

Top non-repeatable levels by time:
     D:1: 1487 daAuts
     D:3: 1112 daAuts
     D:2: 1026 daAuts
